 Dungeon Crawl Stone Soup version 0.29-a0-234-g0dae59b3db (webtiles) character file.

Game seed: 18177599168980427769

147 bande the Covered (level 5, -1/33 HPs)
             Began as a Gargoyle Fighter on Mar 2, 2022.
             Shot with an arrow by a centaur (5 damage)
             ... on level 3 of the Dungeon.
             The game lasted 00:05:25 (2992 turns).

bande the Covered (Gargoyle Fighter)                Turns: 2992, Time: 00:05:25

Health: -1/33      AC: 14    Str: 19    XL:     5   Next: 29%
Magic:  5/5        EV:  9    Int:  9    God:
Gold:   112        SH:  4    Dex: 11    Spells: 4/4 levels left

rFire   + . .      SeeInvis .   a - +0 war axe
rCold   . . .      Faith    .   c - +0 buckler
rNeg    + . .      Spirit   .   b - +0 scale mail
rPois   ∞          Reflect  .   j - +0 helmet
rElec   +          Harm     .   (no cloak)
rCorr   .          Rampage  .   m - +0 pair of gloves
Will    .....                   n - +0 pair of boots
Stlth   ..........              (no amulet)
HPRegen 0.11/turn               f - ring of protection from fire
MPRegen 0.09/turn               (no ring)

@: no status effects
A: sickness immunity, AC +4, negative energy resistance 1, electricity
resistance, torment resistance 1, petrification resistance
a: no special abilities


You were on level 3 of the Dungeon.
You visited 1 branch of the dungeon, and saw 3 of its levels.

You collected 112 gold pieces.

Inventory:

Hand Weapons
 a - a +0 war axe (weapon)
Armour
 b - a +0 scale mail (worn)
 c - a +0 buckler (worn)
 j - a +0 helmet (worn)
 m - a +0 pair of gloves (worn)
 n - a +0 pair of boots (worn)
Jewellery
 f - a ring of protection from fire (left hand)
Wands
 e - a wand of digging (3)
Scrolls
 g - a scroll of summoning {unknown}
 k - a scroll of acquirement {unknown}
 l - a scroll of identify
Potions
 d - a potion of might
 h - 2 potions of invisibility
 i - a potion of curing {unknown}


   Skills:
 + Level 4.0 Fighting
 + Level 3.6 Axes
 + Level 4.0 Armour
 + Level 0.1 Stealth
 + Level 3.7 Shields


You had 4 spell levels left.
You didn't know any spells.
Your spell library contained the following spells:

 Spells                   Type           Power      Damage    Failure   Level
 Call Canine Familiar     Summ           0%         N/A       99%         3
 Portal Projectile        Hex/Tloc       0%         N/A       99%         3
 Leda's Liquefaction      Hex/Erth       0%         N/A       100%        4


Dungeon Overview and Level Annotations

Branches:
Dungeon (3/15)

Altars:


Innate Abilities, Weirdness & Mutations

You are immune to sickness and miasma.
Your stone body is resilient. (AC +4)
You are immune to poison.
You resist negative energy. (rN+)
You are resistant to electric shocks. (rElec)
You are resistant to unholy torment.
You are immune to petrification.


Message History

The endoplasm hits you but does no damage.
You closely miss the rat.
The rat is heavily wounded.
You slash the endoplasm!
You kill the endoplasm!
The rat bites you but does no damage. x2
You hit the rat.
You kill the rat!
No target in view!
No target in view!
No target in view!
No target in view!
No target in view!
A centaur comes into view.
The centaur shouts!
The centaur wields a +0 shortbow.
The centaur shoots an arrow.
The arrow hits you.
A centaur is nearby!
The centaur shoots an arrow.
The arrow hits you!
The centaur shoots an arrow.
The arrow hits you but does no damage.
An endoplasm comes into view.
The centaur shoots an arrow.
The arrow hits you!
You are too injured to fight recklessly!
You are too injured to fight recklessly!
You are too injured to fight recklessly!
You are too injured to fight recklessly!
You are too injured to fight recklessly!
You are too injured to fight recklessly!
You are too injured to fight recklessly!
You are too injured to fight recklessly!
You are too injured to fight recklessly!
Unknown command.
The endoplasm quivers.
The centaur shoots an arrow.
The arrow hits you but does no damage.
The centaur shoots an arrow.
The arrow hits you but does no damage.
The centaur shoots an arrow.
The arrow hits you!
* * * LOW HITPOINT WARNING * * *
The centaur shoots an arrow.
The arrow hits you but does no damage.
The centaur shoots an arrow.
The arrow hits you.
You die...

###.# .... .... #..#
# # ##..###.## #
c....... .. ####
#...# .# #. ....
#@#.##.# #.##....
#.J....# #.#.###.
##...### #.#.# #.
#...# #...###. #...#
#..#.... #...#
#....... #...#
##(##.#.
#####...#######.##.#.
..............#.##.#.


You could see a centaur and an endoplasm.

Vanquished Creatures
  An orc priest (D:2)
  Terence (D:3)
  Robin (D:2)
  2 adders (D:3)
  A worm (D:2)
  2 orcs (D:2)
  5 endoplasms
  A giant cockroach (D:3)
  9 goblins
  3 hobgoblins
  8 jackals
  2 quokkas
  3 ball pythons
  6 bats
  2 frilled lizards
  9 kobolds
  4 rats
60 creatures vanquished.

Notes
Turn   | Place    | Note
-------+----------+-------------------------------------------
     0 | D:1      | bande the Gargoyle Fighter began the quest for the Orb.
     0 | D:1      | Reached XP level 1. HP: 14/14 MP: 1/1
   307 | D:1      | Reached XP level 2. HP: 19/19 MP: 2/2
   343 | D:1      | Found a faded altar of an unknown god.
  1354 | D:2      | Reached XP level 3. HP: 24/24 MP: 3/3
  1464 | D:2      | Noticed Terence
  1473 | D:3      | Killed Terence
  1490 | D:3      | Reached XP level 4. HP: 4/29 MP: 4/4
  2462 | D:2      | Noticed Robin
  2476 | D:2      | Killed Robin
  2477 | D:2      | Reached XP level 5. HP: 33/33 MP: 5/5
  2986 | D:3      | Noticed a centaur
  2992 | D:3      | Shot with an arrow by a centaur

Illustrated notes

Levels and vault maps discovered:
D:1:      beargit_arrival_diablo_church, layout_basic, basic_ecumenical_altar
D:2:      layout_basic, minmay_splitting_lines, uniq_robin, uniq_terence
D:3:      layout_loops_cross

Skill      XL: |  1  2  3  4 |
---------------+-------------+-----
Axes           | 2 3 |  3.6
Armour         | 4 |  4.0
Fighting       | 4 |  4.0
Stealth        | |  0.1
Shields        | |  3.7

Action                   |  1- 3 |  4- 6 || total
-------------------------+-------+-------++-------
Melee: War axe           |    76 |    84 ||   160
  Use: Scroll            |     3 |       ||     3
Armor: Scale mail        |    42 |    53 ||    95
Dodge: Dodged            |    45 |    50 ||    95
Block: Buckler           |    17 |    22 ||    39

Table legend: (Time is in decaauts)
 A = Elapsed time spent in this place.
 B = Non-inter-level travel time spent in this place.
 C = Inter-level travel time spent in this place.
 D = Time resting spent in this place.
 E = Time spent auto-exploring this place.
 F = Levels seen in this place.
 G = Mean time per level.
                   A        B        C        D        E       F      G
               +--------+--------+--------+--------+--------+-----+--------+
         Total |   3057 |   2989 |     68 |    743 |   1640 |   3 | 1019.0 |
       Dungeon |   3057 |   2989 |     68 |    743 |   1640 |   3 | 1019.0 |
               +--------+--------+--------+--------+--------+-----+--------+

Top non-repeatable levels by time:
     D:1: 1598 daAuts
     D:2: 747 daAuts
     D:3: 712 daAuts
